 Dungeon Crawl Stone Soup version 0.21.1-1-g345015f (webtiles) character file.

2025 ninurtach the Thaumaturge (level 9, 0/97 HPs)
             Began as a Gnoll Wizard on May 18, 2018.
             Was a Follower of Ashenzari.
             Slain by an orc priest
             ... wielding a +0 dagger
              (2 damage)
             ... on level 7 of the Dungeon on May 19, 2018.
             The game lasted 00:33:07 (11150 turns).

ninurtach the Thaumaturge (Gnoll Wizard)           Turns: 11150, Time: 00:33:08

Health: 0/97       AC: 24    Str:  9    XL:     9   Next: 23%
Magic:  7/21       EV:  2    Int: 24    God:    Ashenzari [*.....]
Gold:   250        SH:  0    Dex: 14    Spells: 3/24 levels left

rFire    . . .     SeeInvis +   a - +3 quarterstaff (chaos)
rCold    . . .     Gourm    .   (shield currently unavailable)
rNeg     + + +     Faith    .   (armour currently unavailable)
rPois    +         Spirit   .   (helmet currently unavailable)
rElec    .         Reflect  .   (cloak currently unavailable)
rCorr    .         Harm     .   (gloves currently unavailable)
MR       .....     NoTele   +   (boots currently unavailable)
Stlth    ++++......             B - amulet of regeneration
HPRegen  0.66/turn              o - ring of see invisible
MPRegen  0.17/turn              h - ring of stealth

@: lethally poisoned (0 -> 0), tree-form, very slightly contaminated
A: distributed training, strong nose
a: Curse Item, Scrying, Renounce Religion


You were on level 7 of the Dungeon.
You worshipped Ashenzari.
Ashenzari was aware of your devotion.
You were not hungry.
You were a tree.
You visited 2 branches of the dungeon, and saw 8 of its levels.

You collected 347 gold pieces.
You spent 97 gold pieces at shops.

Inventory:

Hand Weapons
 a - a +3 quarterstaff of chaos (weapon)
 b - a +0 hunting sling
 w - a +0 trident
 A - a +1 dagger of venom
Missiles
 r - 262 stones (quivered)
 t - 93 arrows
Armour
 e - a +0 pair of boots (melded)
 i - a +0 robe (melded)
 q - a +0 hat (melded)
 C - a +0 cloak (melded)
 J - a +0 pair of gloves (melded)
 M - a cursed +0 leather armour
Jewellery
 h - a ring of stealth (right branch)
 o - a ring of see invisible (left branch)
 B - an amulet of regeneration (around neck)
 H - an uncursed ring of protection from fire
Wands
 k - a wand of polymorph (12)
 z - a wand of enslavement (15)
 I - a wand of digging (11)
Scrolls
 g - a scroll of immolation {unknown}
 j - 2 scrolls of enchant weapon
 m - a scroll of amnesia
 p - a scroll of magic mapping {unknown}
 y - a scroll of fear
 E - a scroll of blinking
 G - a scroll of enchant armour {unknown}
 L - a scroll of summoning {unknown}
Potions
 l - a potion of magic {unknown}
 s - a potion of lignification
 u - a potion of ambrosia
 v - a potion of flight {unknown}
 x - a potion of haste {unknown}
Books
 c - a book of Minor Magic

   Spells                             Type                      Level
   a - Magic Dart                     Conjuration                  1
   b - Blink                          Translocation                2
   c - Call Imp                       Summoning                    2
   d - Slow                           Hexes                        2
   e - Conjure Flame                  Conjuration/Fire             3
   f - Mephitic Cloud                 Conjuration/Poison/Air       3
 n - a book of Changes

   Spells                             Type                      Level
   a - Beastly Appendage              Transmutation                1
   b - Sticks to Snakes               Transmutation                2
   c - Spider Form                    Transmutation/Poison         3
   d - Ice Form                       Ice/Transmutation            4
   e - Blade Hands                    Transmutation                5
 D - a book of Cantrips

   Spells                             Type                      Level
   a - Confusing Touch                Hexes                        1
   b - Animate Skeleton               Necromancy                   1
   c - Summon Small Mammal            Summoning                    1
   d - Apportation                    Translocation                1
 F - a book of Callings

   Spells                             Type                      Level
   a - Summon Small Mammal            Summoning                    1
   b - Call Imp                       Summoning                    2
   c - Call Canine Familiar           Summoning                    3
   d - Summon Guardian Golem          Hexes/Summoning              3
   e - Summon Lightning Spire         Summoning/Air                4
   f - Summon Ice Beast               Ice/Summoning                4
Comestibles
 d - 10 rations
 K - 4 chunks of flesh


   Skills:
 + Level 4.0 Fighting
 + Level 4.0 Short Blades
 + Level 4.0 Long Blades
 + Level 4.0 Axes
 + Level 4.0 Maces & Flails
 + Level 4.0 Polearms
 + Level 4.0 Staves
 + Level 4.0 Slings
 + Level 4.0 Bows
 + Level 4.0 Crossbows
 + Level 4.0 Throwing
 + Level 4.0 Armour
 + Level 6.1 Dodging
 + Level 5.8 Stealth
 + Level 4.0 Shields
 + Level 4.0 Unarmed Combat
 + Level 8.2 Spellcasting
 + Level 4.0 Conjurations
 + Level 3.2 Hexes
 + Level 3.2 Charms
 + Level 4.0 Summonings
 + Level 3.2 Necromancy
 + Level 4.0 Translocations
 + Level 3.2 Transmutations
 + Level 3.2 Fire Magic
 + Level 3.2 Ice Magic
 + Level 3.2 Air Magic
 + Level 3.2 Earth Magic
 + Level 3.2 Poison Magic
 + Level 4.3 Invocations
 + Level 4.0 Evocations


You had 3 spell levels left.
You knew the following spells:

 Your Spells              Type           Power        Failure   Level  Hunger
a - Magic Dart            Conj           ####         1%          1    None
b - Blink                 Tloc           N/A          1%          2    None
c - Call Imp              Summ           ####....     1%          2    None
d - Mephitic Cloud        Conj/Pois/Air  ####....     4%          3    None
e - Conjure Flame         Conj/Fire      ####....     4%          3    None
f - Sticks to Snakes      Tmut           ####....     2%          2    None
g - Summon Lightning Spi  Summ/Air       ####....     14%         4    ##.....
h - Summon Ice Beast      Ice/Summ       ####....     14%         4    ##.....


Dungeon Overview and Level Annotations

Branches:
Dungeon (7/15)             Temple (1/1) D:4

Altars:
Ashenzari
Cheibriados
Dithmenos
Elyvilon
Fedhas
Gozag
Hepliaklqana
Kikubaaqudgha
Makhleb
Nemelex Xobeh
Qazlal
Ru
Sif Muna
Trog
Uskayaw
Vehumet
Wu Jian
Yredelemnul
Zin
The Shining One

Shops:
D:4 *   D:5 *


Innate Abilities, Weirdness & Mutations

Your experience applies equally to all skills.
((You have very sharp teeth.))
Your uncanny sense of smell can sniff out nearby items.


Message History

Danger x7: orc priest, killer bee x4, shadow imp x2!
You feel sick.
The killer bee stings you but does no damage. x3
The killer bee stings you.
* * * LOW HITPOINT WARNING * * *
The orc priest hits you but does no damage.
The killer bee stings you but does no damage.
The orc wizard hits you but does no damage.
The orc hits you but does no damage.
You take 3 damage, and have 3/97 hp.
Danger x7: orc priest, killer bee x4, shadow imp x2!
Unknown command.
You feel sick.
The killer bee stings you but does no damage. x2
The killer bee completely misses you.
The orc wizard hits you but does no damage.
The killer bee barely misses you.
The shadow imp hits you but does no damage.
The orc priest hits you with a dagger.
You die...

#.## #..##
#...# #...#
##...#
##5...#
##.o5.#
.####Zyo♣#
......yyy# ∆
.......o##
.......Y.##
#.........##
#.........#
###......#
## ##.....#
.### ##...##


You could see a sky beast, 4 killer bees, an orc priest, an orc wizard
(invisible), 2 shadow imps, an orc and a quokka skeleton.

Vanquished Creatures
  Sigmund (D:4)
  A hungry ghost (D:7)
  An ice beast (D:6)
  A phantom (D:5)
  2 ogres (D:4)
  A centaur (D:7)
  A big kobold (D:7)
  2 bullfrogs (D:7)
  A crimson imp (D:5)
  A bullfrog zombie (D:6)
  2 hounds
  Crazy Yiuf (D:4)
  A bullfrog skeleton (D:5)
  3 orc priests (D:6)
  4 orc wizards
  Natasha (thrice) (D:4)
  An iguana (D:4)
  4 worker ants
  3 worker ant zombies
  An adder (D:6)
  An adder zombie (D:6)
  2 adder skeletons
  A dart slug (D:1)
  6 orcs
  4 ball pythons
  3 bats
  3 giant cockroaches
  7 goblins
  9 hobgoblins
  9 jackals
  3 quokkas
  2 frilled lizards (D:1)
  A giant cockroach zombie (D:5)
  2 gnoll zombies (D:3)
  9 kobolds
  7 rats
104 creatures vanquished.

Vanquished Creatures (collateral kills)
  Eustachio (D:5)
  A hungry ghost (D:7)
  An ice beast (D:6)
  A phantom (D:7)
  2 orc warriors
  A centaur (D:5)
  2 killer bees (D:7)
  A bullfrog zombie (D:6)
  A hound (D:6)
  A bullfrog skeleton (D:6)
  A jelly (D:6)
  3 gnolls (D:3)
  2 adders
  3 adder zombies (D:6)
  An adder skeleton (D:6)
  A worm (D:2)
  A leopard gecko (D:7)
  6 orcs
  4 jackals
  2 ball pythons
  4 kobolds (D:7)
  A leopard gecko zombie (D:6)
  A quokka skeleton (D:6)
42 creatures vanquished.

Grand Total: 146 creatures vanquished

Notes
Turn   | Place    | Note
-------+----------+-------------------------------------------
     0 | D:1      | ninurtach the Gnoll Wizard began the quest for the Orb.
     0 | D:1      | Reached XP level 1. HP: 13/13 MP: 8/8
   146 | D:1      | Reached XP level 2. HP: 14/19 MP: 1/10
   841 | D:1      | Learned a level 2 spell: Blink
   844 | D:1      | Learned a level 2 spell: Call Imp
   871 | D:1      | You fall through a shaft!
  1414 | D:2      | Reached XP level 3. HP: 25/25 MP: 9/11
  1764 | D:1      | Noticed an ogre
  1764 | D:1      | Noticed an ogre
  1765 | D:1      | Noticed an ogre
  1767 | D:1      | Noticed an ogre
  2530 | D:2      | Learned a level 3 spell: Mephitic Cloud
  2534 | D:2      | Learned a level 3 spell: Conjure Flame
  2537 | D:2      | Learned a level 2 spell: Sticks to Snakes
  2577 | D:2      | Reached skill level 1 in Invocations
  3002 | D:3      | Found a bloodstained altar of Trog.
  3597 | D:3      | Found a basalt altar of Yredelemnul.
  3676 | D:3      | Found a burning altar of Makhleb.
  3690 | D:3      | Reached skill level 1 in Fighting
  3690 | D:3      | Reached skill level 1 in Short Blades
  3690 | D:3      | Reached skill level 1 in Long Blades
  3690 | D:3      | Reached skill level 1 in Axes
  3690 | D:3      | Reached skill level 1 in Maces & Flails
  3690 | D:3      | Reached skill level 1 in Polearms
  3690 | D:3      | Reached skill level 1 in Staves
  3690 | D:3      | Reached skill level 1 in Slings
  3690 | D:3      | Reached skill level 1 in Bows
  3690 | D:3      | Reached skill level 1 in Crossbows
  3690 | D:3      | Reached skill level 1 in Throwing
  3690 | D:3      | Reached skill level 1 in Armour
  3690 | D:3      | Reached skill level 1 in Shields
  3690 | D:3      | Reached skill level 1 in Unarmed Combat
  3690 | D:3      | Reached skill level 1 in Evocations
  3690 | D:3      | Reached XP level 4. HP: 32/32 MP: 8/13
  3846 | D:3      | Reached skill level 1 in Hexes
  3846 | D:3      | Reached skill level 1 in Charms
  3846 | D:3      | Reached skill level 1 in Necromancy
  3846 | D:3      | Reached skill level 1 in Transmutations
  3846 | D:3      | Reached skill level 1 in Fire Magic
  3846 | D:3      | Reached skill level 1 in Ice Magic
  3846 | D:3      | Reached skill level 1 in Air Magic
  3846 | D:3      | Reached skill level 1 in Earth Magic
  3846 | D:3      | Reached skill level 1 in Poison Magic
  4557 | D:4      | Reached XP level 5. HP: 31/37 MP: 1/14
  4913 | D:4      | Noticed an ogre
  4935 | D:4      | Killed an ogre
  5515 | D:4      | Found a staircase to the Ecumenical Temple.
  5523 | Temple   | Entered the Ecumenical Temple
  5963 | D:4      | Found a hazy altar of Hepliaklqana.
  5964 | D:4      | Found a glowing golden altar of the Shining One.
  5978 | D:4      | Found a shattered altar of Ashenzari.
  5980 | D:4      | Noticed Natasha
  5988 | D:4      | Killed Natasha
  5988 | D:4      | Reached XP level 6. HP: 44/44 MP: 16/16
  5993 | D:4      | Became a worshipper of Ashenzari the Shackled
  6262 | D:4      | Noticed Natasha
  6290 | D:4      | Reached skill level 5 in Dodging
  6335 | D:4      | Killed Natasha
  6533 | D:4      | Noticed Natasha
  6540 | D:4      | Killed Natasha
  6872 | D:4      | Found Zin's Purification Station.
  6874 | D:4      | Found a glowing silver altar of Zin.
  6971 | D:4      | Noticed Sigmund
  6990 | D:4      | Killed Sigmund
  6990 | D:4      | Reached XP level 7. HP: 32/50 MP: 5/18
  7484 | D:4      | Found a runed door.
  7488 | D:4      | Noticed Crazy Yiuf
  7511 | D:4      | Killed Crazy Yiuf
  7798 | D:5      | Entered Level 5 of the Dungeon
  7812 | D:5      | Found Tasuil's General Store.
  7815 | D:5      | Bought a scroll of enchant weapon for 97 gold pieces
  8125 | D:5      | Noticed Eustachio
  8197 | D:5      | Reached skill level 5 in Stealth
  8203 | D:5      | Learned a level 4 spell: Summon Lightning Spire
  8266 | D:5      | Killed Eustachio
  8355 | D:5      | Reached XP level 8. HP: 54/57 MP: 14/19
  8684 | D:5      | Found an ornate altar of the Wu Jian Council.
  9070 | D:6      | Reached * piety under Ashenzari
  9410 | D:6      | Found a radiant altar of Vehumet.
  9773 | D:6      | Learned a level 4 spell: Summon Ice Beast
 10038 | D:6      | Reached skill level 8 in Spellcasting
 10357 | D:7      | Reached XP level 9. HP: 64/65 MP: 9/21
 10376 | D:7      | Noticed a two-headed ogre
 11149 | D:7      | HP: 3/97 [killer bee (3)]
 11150 | D:7      | Slain by an orc priest

Skill      XL: |  1  2  3  4  5  6  7  8  9 |
---------------+----------------------------+-----
Conjurations   | 2 3 4 |  4.0
Summonings     | 2 3 4 |  4.0
Translocations | 2 3 4 |  4.0
Invocations    | 1 2 3 4 |  4.3
Fighting       | 1 2 3 4 |  4.0
Short Blades   | 1 2 3 4 |  4.0
Long Blades    | 1 2 3 4 |  4.0
Axes           | 1 2 3 4 |  4.0
Maces & Flails | 1 2 3 4 |  4.0
Polearms       | 1 2 3 4 |  4.0
Staves         | 1 2 3 4 |  4.0
Slings         | 1 2 3 4 |  4.0
Bows           | 1 2 3 4 |  4.0
Crossbows      | 1 2 3 4 |  4.0
Throwing       | 1 2 3 4 |  4.0
Armour         | 1 2 3 4 |  4.0
Shields        | 1 2 3 4 |  4.0
Unarmed Combat | 1 2 3 4 |  4.0
Evocations     | 1 2 3 4 |  4.0
Hexes          | 1 2 3 |  3.2
Charms         | 1 2 3 |  3.2
Necromancy     | 1 2 3 |  3.2
Transmutations | 1 2 3 |  3.2
Fire Magic     | 1 2 3 |  3.2
Ice Magic      | 1 2 3 |  3.2
Air Magic      | 1 2 3 |  3.2
Earth Magic    | 1 2 3 |  3.2
Poison Magic   | 1 2 3 |  3.2
Dodging        | 5 6 |  6.1
Stealth        | 5 |  5.8
Spellcasting   | 8 |  8.2

Action                   |  1- 3 |  4- 6 |  7- 9 || total
-------------------------+-------+-------+-------++-------
Melee: Whip              |    28 |       |       ||    28
       Unarmed           |     3 |       |       ||     3
       Bite              |     2 |     5 |     9 ||    16
       Trident           |     2 |    13 |       ||    15
       Dagger            |       |    29 |     8 ||    37
       Punch             |       |     1 |       ||     1
       Quarterstaff      |       |       |   126 ||   126
 Fire: Hunting sling     |    24 |    19 |       ||    43
 Cast: Magic Dart        |    58 |    49 |    89 ||   196
       Sticks to Snakes  |     3 |     5 |     6 ||    14
       Call Imp          |     2 |    11 |     9 ||    22
       Conjure Flame     |       |     4 |       ||     4
       Mephitic Cloud    |       |     1 |     2 ||     3
       Summon Lightning  |       |       |    15 ||    15
       Summon Ice Beast  |       |       |     3 ||     3
       Blink             |       |       |     4 ||     4
  Use: Scroll            |     2 |     2 |     7 ||    11
       Potion            |       |     1 |     1 ||     2
 Stab: Sleeping          |       |     4 |     1 ||     5
       Petrifying        |       |       |     1 ||     1
  Eat: Chunk             |     8 |     6 |    17 ||    31
       Ration            |       |     1 |       ||     1
Armor: Robe              |     8 |     8 |    20 ||    36
       Skin              |       |       |    40 ||    40
Dodge: Dodged            |    51 |    44 |   133 ||   228
